 Dungeon Crawl Stone Soup version 0.28-a0-909-g796cbd3a86 (webtiles) character file.

Game seed: 11153162567309440586

501 snetch the Chopper (level 6, -3/84 HPs)
             Began as a Minotaur Berserker on Nov 24, 2021.
             Was a Believer of Trog.
             Slain by a two-headed ogre (26 damage)
             ... on level 5 of the Dungeon.
             The game lasted 00:08:10 (2958 turns).

snetch the Chopper (Minotaur Berserker)             Turns: 2958, Time: 00:08:11

Health: -3/84      AC:  6    Str: 23    XL:     6   Next: 95%
Magic:  5/5        EV: 12    Int:  4    God:    Trog [**....]
Gold:   176        SH:  6    Dex: 10    Spells: 5/5 levels left

rFire   . . .      SeeInvis .   a - +0 war axe
rCold   . . .      Faith    .   n - +0 kite shield
rNeg    . . .      Spirit   .   s - +0 scale mail
rPois   .          Reflect  .   (helmet restricted)
rElec   .          Harm     .   (no cloak)
rCorr   .          Rampage  .   (no gloves)
Will    ++...                   (no boots)
Stlth   ..........              (no amulet)
HPRegen 1.24/turn               c - +4 ring of evasion
MPRegen 0.09/turn               x - +4 ring of slaying

@: berserking, strong-willed, regenerating, very quick
A: horns 2, retaliatory headbutt
a: Renounce Religion, Berserk, Trog's Hand


You were on level 5 of the Dungeon.
You worshipped Trog.
Trog was pleased with you.
You visited 1 branch of the dungeon, and saw 5 of its levels.

You collected 176 gold pieces.

Inventory:

Hand Weapons
 a - a +0 war axe (weapon)
 b - a +0 morningstar
Missiles
 h - 11 bolts
 k - 4 datura-tipped darts
 o - 2 boomerangs
 p - 95 stones
 u - 20 arrows
 w - 6 poisoned darts (quivered)
Armour
 n - a +0 kite shield (worn)
 s - a +0 scale mail (worn)
 B - a +2 robe of fire resistance
Jewellery
 c - a +4 ring of evasion (left hand)
 e - a ring of fire
 x - a +4 ring of slaying (right hand)
Wands
 A - a wand of iceblast (12)
Scrolls
 d - 2 scrolls of enchant armour {unknown}
 f - a scroll of amnesia {unknown}
 g - 3 scrolls of fear {unknown}
 m - 3 scrolls of identify {unknown}
 t - a scroll of fog {unknown}
 v - a scroll of noise {unknown}
 y - a scroll of magic mapping {unknown}
 z - a scroll of summoning {unknown}
Potions
 i - 3 potions of lignification {unknown}
 j - 2 potions of flight {unknown}
 l - a potion of haste {unknown}
 q - a potion of cancellation {unknown}
 r - a potion of invisibility {unknown}


   Skills:
 + Level 5.5 Fighting
 + Level 6.9 Axes
 + Level 0.5 Throwing
 + Level 3.5 Armour
 + Level 3.8 Dodging
 + Level 0.9 Stealth
 + Level 0.7 Shields


You had 5 spell levels left.
You didn't know any spells.
Your spell library contained the following spells:

 Spells                   Type           Power      Damage    Failure   Level
 Slow                     Hex            0%         N/A       100%        1
 Confusing Touch          Hex            0%         N/A       100%        3
 Yara's Violent Unravell  Hex/Tmut       0%         3d3       100%        5


Dungeon Overview and Level Annotations

Branches:
Dungeon (5/15)
 Temple: D:4-7

Altars:
Ashenzari
Hepliaklqana
Zin

Annotations:
D:3 gold behind grate


Innate Abilities, Weirdness & Mutations

You have a pair of horns on your head.
You reflexively headbutt those who attack you in melee.


Message History

You see here a +2 robe of fire resistance.
B - a +2 robe of fire resistance
Found an escape hatch in the floor.
m - 3 scrolls labelled ZORPHE LECSERYPT (gained 1)
There is a stone staircase leading down here.
You climb downwards.
The two-headed ogre shouts in stereo!
You hear a shout!
Found a robe and a purple potion.
There is a stone staircase leading up here.
You throw a poisoned dart.
The poisoned dart hits the two-headed ogre.
The two-headed ogre is poisoned.
You throw a poisoned dart.
The poisoned dart hits the two-headed ogre.
An ufetubus comes into view.
You throw a poisoned dart. The poisoned dart hits the ufetubus.
The ufetubus is poisoned.
You block the ufetubus's attack. The ufetubus closely misses you.
A black bear comes into view.
Your skin crawls.
You feel strong-willed.
The black bear growls angrily.
Something shouts, "Scamper away, thou fulsome fool-born minnow reeky!"
The two-headed ogre looks more healthy.
You block the ufetubus's attack. x2
A red film seems to cover your vision as you go berserk!
You feel yourself moving faster!
You feel mighty! You block the ufetubus's attack.
The ufetubus barely misses you.
The two-headed ogre hits you with a +0 giant spiked club!!
The two-headed ogre hits you with a +0 giant club!!
* * * LOW HITPOINT WARNING * * *
The ufetubus misses you. You block the ufetubus's attack.
A shadow imp comes into view.
You slash the two-headed ogre!
The two-headed ogre is moderately wounded.
You slash the ufetubus!
You feel the power of Trog in you as your rage grows.
You kill the ufetubus!
Trog accepts your kill.
The two-headed ogre hits you with a +0 giant spiked club!!
You die...

. ###.# .
...... ..5
#......
....h###......#
.......@.......
#......O.....#.
#.....[...!..#
#........#..##
.....(........
....(..........
........... ...
...##.#........


You could see a two-headed ogre, a black bear and a shadow imp.

Vanquished Creatures
  A wyvern (D:4)
  A black bear (D:4)
  A jelly (D:4)
  An iguana (D:4)
  An orc priest (D:3)
  2 orc wizards
  4 adders
  An ufetubus (D:5)
  A worm (D:2)
  2 dart slugs (D:1)
  8 orcs (D:3)
  8 ball pythons
  5 endoplasms
  6 giant cockroaches
  8 goblins
  4 hobgoblins
  6 jackals
  3 quokkas (D:1)
  4 bats
  5 frilled lizards
  2 kobolds
  A quokka skeleton (D:4)
  6 rats
81 creatures vanquished.

Vanquished Creatures (others)
  4 plants (D:3)
4 creatures vanquished.

Grand Total: 85 creatures vanquished

Notes
Turn   | Place    | Note
-------+----------+-------------------------------------------
     0 | D:1      | snetch the Minotaur Berserker began the quest for the Orb.
     0 | D:1      | Reached XP level 1. HP: 19/19 MP: 0/0
    85 | D:1      | Reached XP level 2. HP: 27/27 MP: 1/1
   151 | D:1      | Reached skill level 4 in Axes
   359 | D:1      | You fall into a shaft and drop 1 floor!
   472 | D:1      | Reached XP level 3. HP: 33/33 MP: 2/2
   619 | D:1      | Reached ** piety under Trog
  1100 | D:3      | Reached XP level 4. HP: 41/41 MP: 3/3
  1140 | D:2      | Reached skill level 5 in Axes
  1149 | D:3      | Reached XP level 5. HP: 30/47 MP: 4/4
  1471 | D:3      | Found a hazy altar of Hepliaklqana.
  2063 | D:3      | Reached *** piety under Trog
  2305 | D:3      | Found a broken altar of Ashenzari.
  2481 | D:3      | Found a glowing silver altar of Zin.
  2591 | D:4      | Reached skill level 5 in Fighting
  2604 | D:4      | Noticed a wyvern
  2605 | D:4      | Noticed a black bear
  2614 | D:4      | Killed a wyvern
  2615 | D:4      | Reached skill level 6 in Axes
  2615 | D:4      | Reached XP level 6. HP: 27/56 MP: 5/5
  2952 | D:5      | Entered Level 5 of the Dungeon
  2952 | D:5      | Noticed a two-headed ogre
  2958 | D:5      | Slain by a two-headed ogre

Illustrated notes

Levels and vault maps discovered:
D:1:      dpeg_arrival_pits, layout_basic, nrook_uturn
D:2:      layout_basic
D:3:      layout_loops_ring, lemuel_crystal_altar, zin_treasury,
          nicolae_hepliaklqana_hazy_memory
D:4:      black_bear_nest_2, layout_cave_pools, grunt_temple_overflow_open,
          corner_web_ring, chequers_serial_rivers_marsh, st_stairs_13,
          corexii_hall_statues_i
D:5:      layout_cave_pools, gammafunk_temple_overflow_pools,
          minmay_misc_feat_hallway

Skill      XL: |  1  2  3  4  5 |
---------------+----------------+-----
Fighting       | 4 5 |  5.5
Axes           | 4 5 6 |  6.9
Dodging        | 3 |  3.8
Armour         | 3 |  3.5
Throwing       | |  0.5
Stealth        | |  0.9
Shields        | |  0.7

Action                   |  1- 3 |  4- 6 || total
-------------------------+-------+-------++-------
Melee: Hand axe          |    79 |     8 ||    87
       Headbutt          |     8 |     6 ||    14
       War axe           |       |    51 ||    51
Throw: Dart              |       |     5 ||     5
       Boomerang         |       |     2 ||     2
Invok: Berserk           |     1 |     3 ||     4
       Trog's Hand       |       |     3 ||     3
Armor: Animal skin       |    12 |     5 ||    17
       Scale mail        |       |     5 ||     5
       Leather armour    |       |     1 ||     1
Dodge: Dodged            |    56 |    42 ||    98
Block: Kite shield       |       |    17 ||    17

Table legend: (Time is in decaauts)
 A = Elapsed time spent in this place.
 B = Non-inter-level travel time spent in this place.
 C = Inter-level travel time spent in this place.
 D = Time resting spent in this place.
 E = Time spent auto-exploring this place.
 F = Levels seen in this place.
 G = Mean time per level.
                   A        B        C        D        E       F      G
               +--------+--------+--------+--------+--------+-----+--------+
         Total |   3028 |   2863 |    165 |    367 |   1700 |   5 |  605.6 |
       Dungeon |   3028 |   2863 |    165 |    367 |   1700 |   5 |  605.6 |
               +--------+--------+--------+--------+--------+-----+--------+

Top non-repeatable levels by time:
     D:3: 1042 daAuts
     D:1: 924 daAuts
     D:2: 871 daAuts
     D:4: 182 daAuts
     D:5: 6 daAuts
